 Dungeon Crawl Stone Soup version 0.31.0-9-g3a7656b989 (webtiles) character file.

Game seed: 5739499391728296196

289 qw the Shooter (level 6, -1/30 HPs)
             Began as a Spriggan Hunter on Feb 2, 2024.
             Succumbed to their own poison gas
             ... on level 4 of the Dungeon.
             The game lasted 00:00:11 (2708 turns).

qw the Shooter (Spriggan Hunter)                    Turns: 2708, Time: 00:00:12

Health: -1/30      AC:  2    Str:  7    XL:     6   Next: 9%
Magic:  7/7        EV: 21    Int: 10    God:
Gold:   99         SH:  0    Dex: 21    Spells: 5/5 levels left

rFire   . . .        a - +0 shortbow
rCold   + . .        (shield currently unavailable)
rNeg    . . .        c - +0 robe
rPois   .            (helmet restricted)
rElec   .            (no cloak)
rCorr   .            (gloves unavailable)
SInv    +            (boots unavailable)
Will    +....        (no amulet)
Stlth   ++           g - ring of protection from cold
HPRegen 0.25/turn    (no ring)
MPRegen 0.10/turn

%: no passive effects
@: lethally poisoned (-1 -> -47), very quick
A: very small, no large weapons, unfitting armour, see invisible, speed 3
a: no special abilities


You were on level 4 of the Dungeon.
You visited 1 branch of the dungeon, and saw 5 of its levels.

You collected 99 gold pieces.


Innate Abilities, Weirdness & Mutations

You are very small and have problems with some larger weapons.
You are too small for most types of armour.
You have supernaturally acute eyesight. (SInv)
You cover ground extremely quickly. (Speed+++)


   Skills:
 - Level 2.3 Fighting
 - Level 6.0 Ranged Weapons
 + Level 5.4 Dodging
 - Level 1.5 Stealth


You had 5 spell levels left.
You didn't know any spells.
Your spell library was empty.

Inventory:

Hand Weapons
 a - a +0 shortbow (weapon)
Armour
 c - a +0 robe (worn)
Jewellery
 g - a ring of protection from cold (left hand)
Wands
 f - a wand of flame (16)
 h - a wand of digging (6)
Potions
 i - 2 potions of might
 j - a potion of curing {unknown}

Dungeon Overview and Level Annotations

Branches:
Dungeon (5/15)             Temple (0/1) D:4

Altars:
Ashenzari

Shops:
D:1 :   D:5 [

Annotations:
D:3 2 transporters


Message History

You are poisoned.
You feel sick.
The orc shouts!
2697 ||| Stepping ~*~*~tactically~*~*~ (cloud).
You feel sick.
You start resting.
You feel sick. x2
A jelly comes into view.
2700 ||| FLEEEEING.
You are engulfed in poison gas.
You are more poisoned.
You feel very sick.
There is a large open door here.
2701 ||| Stepping ~*~*~tactically~*~*~ (cloud).
You feel sick.
2702 ||| FLEEEEING.
You are engulfed in poison gas.
You are more poisoned.
You feel very sick.
There is a large open door here.
2703 ||| Stepping ~*~*~tactically~*~*~ (cloud).
You feel very sick.
2704 ||| DRINKING 2 potions of heal wounds.
You feel much better.
You feel very sick.
The jelly quivers.
A ribbon worm comes into view.
2705 ||| FLEEEEING.
You are engulfed in poison gas.
You are more poisoned.
You feel very sick.
There is a large open door here.
2706 ||| DRINKING potion of heal wounds.
You feel much better.
You are engulfed in poison gas.
You are more poisoned.
You feel extremely sick.
2707 ||| Stepping ~*~*~tactically~*~*~ (cloud).
You feel very sick.
2708 ||| FLEEEEING.
You are engulfed in poison gas.
You are more poisoned.
You die...

#.# *#~~~~~~~~~~**
##.#*#¤00¤~~~~~~~~*
#..##00¤¤¤~~~~~~~~~
#.##¤¤00¤¤~~~~~~~~~
#.#0¤0¤00¤~~~~~~~~~
#.#0¤¤¤000~~~~~~~~~
#¤#00¤¤00¤#.,*~~~~~
#¤000¤0000.#*,,,,,,
#¤@.0¤0¤00.#*,,,,,,
#¤#0¤¤000¤#.,*~~~~~
#.#¤0¤¤0¤¤o~~~~~~~~
######.#0¤0¤J¤¤o~~~~~~~~
#......##¤00¤0¤~~~~~~~~~
#.......##00¤¤0~o~~~~~~~
#...>....##000¤~~~~~~~~*
########.###000~~~~~~~##
#########
#...##~~~~~~~~*#.


You could see a jelly.

Vanquished Creatures
  A jelly (D:5)
  2 hounds (D:4)
  An orc priest (D:5)
  An orc wizard (D:5)
  A gnoll (D:5)
  5 adders
  2 ribbon worms
  A dart slug (D:3)
  7 orcs
  6 ball pythons
  6 endoplasms
  3 giant cockroaches
  9 goblins
  5 hobgoblins
  6 jackals
  3 quokkas
  3 bats
  2 frilled lizards
  7 kobolds
  5 rats
76 creatures vanquished.

Notes
Turn   | Place    | Note
-------+----------+-------------------------------------------
     0 | D:1      | qw the Spriggan Hunter began the quest for the Orb.
     0 | D:1      | Reached XP level 1. HP: 10/10 MP: 2/2
     0 | D:1      | 0 ||| qw: Version: 0.3-a-155-g5e7d8dd
     0 | D:1      | 0 ||| qw: Game counter: 1674
     0 | D:1      | 0 ||| qw: Melee chars always use a shield: true
     0 | D:1      | 0 ||| qw: God list: Okawaru
     0 | D:1      | 0 ||| qw: Allow faded altars: false
     0 | D:1      | 0 ||| qw: Do Orc after clearing Dungeon:15 true
     0 | D:1      | 0 ||| qw: Do second Lair branch before Depths: true
     0 | D:1      | 0 ||| qw: Lair rune preference: random
     0 | D:1      | 0 ||| qw: Goals: Normal
     0 | D:1      | 0 ||| PLANNING D:1-11
    37 | D:1      | Reached skill level 3 in Dodging
   151 | D:1      | Reached XP level 2. HP: 13/14 MP: 3/3
   301 | D:1      | Found Ryilicw's Book Shop.
   590 | D:1      | 590 ||| DROPPING ring of magical power.
   591 | D:1      | 591 ||| READING 2 scrolls labelled ITTUM WAQASH.
   591 | D:1      | 591 ||| IDENTIFYING grey potion
   592 | D:1      | 592 ||| READING scroll of identify.
   592 | D:1      | 592 ||| IDENTIFYING fizzy yellow potion
   593 | D:1      | 593 ||| READING scroll labelled XESUMA XAOZUN.
   594 | D:1      | 594 ||| DRINKING 2 ruby potions.
   595 | D:1      | 595 ||| DROPPING scroll of butterflies.
   596 | D:1      | 596 ||| DROPPING potion of degeneration.
   597 | D:1      | 597 ||| DROPPING potion of invisibility.
   598 | D:1      | 598 ||| DROPPING potion of magic.
   615 | D:2      | Reached XP level 3. HP: 18/18 MP: 4/4
   739 | D:2      | Found a faded altar of an unknown god.
   851 | D:2      | Reached skill level 5 in Ranged Weapons
  1283 | D:2      | 1283 ||| READING scroll of identify.
  1283 | D:2      | 1283 ||| IDENTIFYING pink potion
  1284 | D:2      | 1284 ||| READING scroll labelled QYETZIWKECZI.
  1285 | D:2      | 1285 ||| READING scroll labelled BUPTUCS ERUM.
  1386 | D:3      | Reached XP level 4. HP: 22/22 MP: 5/5
  1408 | D:3      | Found a broken altar of Ashenzari.
  1409 | D:3      | You fall into a shaft and drop 2 floors!
  1409 | D:5      | Entered Level 5 of the Dungeon
  1452 | D:5      | 1452 ||| RETREEEEATING.
  1454 | D:5      | 1454 ||| RETREEEEATING.
  1455 | D:5      | 1455 ||| RETREEEEATING.
  1456 | D:5      | 1456 ||| RETREEEEATING.
  1457 | D:5      | 1457 ||| RETREEEEATING.
  1460 | D:5      | 1460 ||| RETREEEEATING.
  1461 | D:5      | 1461 ||| RETREEEEATING.
  1462 | D:5      | 1462 ||| RETREEEEATING.
  1470 | D:5      | HP: 5/23 [poisoned by an orc]
  1477 | D:5      | Reached XP level 5. HP: 4/26 MP: 6/6
  1610 | D:5      | Found Rem Pusm's Antique Armour Shop.
  1613 | D:5      | 1613 ||| SHOPLISTING bloodstained troll leather armour (440
                  | gold, have 79).
  1764 | D:5      | 1764 ||| READING scroll labelled BATTER HAEBAU.
  1764 | D:5      | 1764 ||| ENCHANTING +0 shortbow.
  1989 | D:4      | Reached skill level 6 in Ranged Weapons
  2005 | D:4      | 2005 ||| UPGRADING to ring of protection from cold.
  2006 | D:4      | 2006 ||| READING 2 scrolls of identify.
  2006 | D:4      | 2006 ||| IDENTIFYING fizzy dark potion
  2007 | D:4      | 2007 ||| READING scroll of identify.
  2007 | D:4      | 2007 ||| IDENTIFYING fizzy ruby potion
  2008 | D:4      | 2008 ||| READING scroll labelled DIDOACL EPHADUDOAMP.
  2009 | D:4      | 2009 ||| DROPPING potion of attraction.
  2063 | D:3      | Reached XP level 6. HP: 30/30 MP: 7/7
  2220 | D:3      | Found a transporter.
  2221 | D:3      | Found a transporter.
  2265 | D:3      | Identified the +3 ring mail of Broken Taboos {rF+}
  2265 | D:3      | Identified the +0 kite shield of the Shishi {Str+5}
  2578 | D:3      | 2578 ||| READING scroll of identify.
  2578 | D:3      | 2578 ||| IDENTIFYING white potion
  2579 | D:3      | 2579 ||| DROPPING potion of lignification.
  2693 | D:4      | 2693 ||| PLANNING TEMPLE
  2695 | D:4      | 2695 ||| READING scroll labelled HISHYSTRIFF.
  2697 | D:4      | 2697 ||| Stepping ~*~*~tactically~*~*~ (cloud).
  2700 | D:4      | 2700 ||| FLEEEEING.
  2701 | D:4      | 2701 ||| Stepping ~*~*~tactically~*~*~ (cloud).
  2702 | D:4      | 2702 ||| FLEEEEING.
  2702 | D:4      | HP: 7/30 [poisoned by you (poison gas)]
  2703 | D:4      | 2703 ||| Stepping ~*~*~tactically~*~*~ (cloud).
  2703 | D:4      | HP: 3/30 [poisoned by you (poison gas)]
  2704 | D:4      | 2704 ||| DRINKING 2 potions of heal wounds.
  2705 | D:4      | 2705 ||| FLEEEEING.
  2706 | D:4      | 2706 ||| DRINKING potion of heal wounds.
  2707 | D:4      | 2707 ||| Stepping ~*~*~tactically~*~*~ (cloud).
  2708 | D:4      | 2708 ||| FLEEEEING.
  2708 | D:4      | HP: 5/30 [cloud of poison gas (5)]
  2708 | D:4      | Succumbed to their own poison gas

Levels and vault maps discovered:
D:1:      dpeg_arrival_fog, layout_loops_ring, serial_shops, shop
D:2:      layout_basic, shapermc_ecumenical_altar_gd
D:3:      layout_loops_ring, lemuel_tele_altar, gammafunk_ghost_gnarly_gnolls
D:4:      kennysheep_big_flooded_room, layout_basic,
          minmay_temple_entry_butterflies, eino_small_chamber_without_monster
D:5:      layout_layer_cave, gammafunk_ghost_grave, serial_shops,
          nicolae_shop_behind_doors, st_stairs_2

Skill      XL: |  1  2  3  4  5 |
---------------+----------------+-----
Dodging        | 3 4 5 |  5.4
Ranged Weapons | 5 6 |  6.0
Fighting       | 2 |  2.3
Stealth        | |  1.5

Action                     |  1- 3 |  4- 6 || total
---------------------------+-------+-------++-------
   Fire: Shortbow          |   103 |   105 ||   208
    Use: Scroll            |     6 |     6 ||    12
         Potion            |     1 |     2 ||     3
 Armour: Robe              |    10 |     9 ||    19
  Dodge: Dodged            |    40 |    49 ||    89

Table legend:
 A = Non-vault XP
 B = Vault XP
 C = Vault XP percentage of total XP
 D = Non-vault monster count
 E = Vault monster count
 F = Vault count percentage of total count
                 A         B        C        D         E       F
            +---------+---------+-------+---------+---------+-------
      Total |     354 |      59 |  14.3 |      73 |       3 |   3.9
            +---------+---------+-------+---------+---------+-------
        D:1 |      39 |       0 |   0.0 |      22 |       0 |   0.0
        D:2 |      54 |       0 |   0.0 |      17 |       0 |   0.0
        D:3 |      57 |       0 |   0.0 |      19 |       0 |   0.0
        D:4 |     113 |       0 |   0.0 |       9 |       0 |   0.0
        D:5 |      91 |      59 |  39.3 |       6 |       3 |  33.3
            +---------+---------+-------+---------+---------+-------
